 Dungeon Crawl Stone Soup version 0.30.1-9-gdf580d7c3d (webtiles) character file.

Game seed: 3778315549392248251

84 lonewolfV2 the Covered (level 4, 0/35 HPs)
             Began as a Demonspawn Fighter on Oct 26, 2023.
             Slain by a gnoll
             ... wielding a +0 spear
              (4 damage)
             ... on level 2 of the Dungeon.
             The game lasted 00:02:30 (1481 turns).

lonewolfV2 the Covered (Demonspawn Fighter)         Turns: 1481, Time: 00:02:31

Health: 0/35       AC:  9    Str: 19    XL:     4   Next: 23%
Magic:  5/5        EV: 11    Int:  9    God:
Gold:   86         SH:  4    Dex: 12    Spells: 3/3 levels left

rFire   + . .        a - +0 war axe
rCold   . . .        c - +0 buckler
rNeg    . . .        h - +3 ring mail
rPois   .            (no helmet)
rElec   .            (no cloak)
rCorr   .            (no gloves)
SInv    .            (no boots)
Will    .....        (no amulet)
Stlth   +            f - ring of protection from fire
HPRegen 0.25/turn    (no ring)
MPRegen 0.09/turn

%: no passive effects
@: no status effects
A: foul stench 1, sharp scales 1
a: no special abilities


You were on level 2 of the Dungeon.
You visited 1 branch of the dungeon, and saw 2 of its levels.

You collected 86 gold pieces.

Inventory:

Hand Weapons
 a - a +0 war axe (weapon)
Armour
 b - a +0 scale mail
 c - a +0 buckler (worn)
 h - a +3 ring mail (worn)
Jewellery
 f - a ring of protection from fire (left hand)
Potions
 d - a potion of might
 e - a potion of curing
 g - a potion of flight {unknown}
 i - 3 potions of resistance {unknown}


   Skills:
 - Level 3.0 Fighting
 - Level 1.7 Axes
 + Level 3.3 Armour
 * Level 2.5 Dodging
 - Level 2.6 Shields
 + Level 2.0 Invocations


You had 3 spell levels left.
You didn't know any spells.
Your spell library contained the following spells:

 Spells                   Type           Power      Damage    Failure   Level
 Ensorcelled Hibernation  Hex/Ice        0%         N/A       78%         2
 Spider Form              Tmut/Pois      0%         N/A       95%         3
 Anguish                  Hex/Necr       0%         N/A       100%        4


Dungeon Overview and Level Annotations

Branches:
Dungeon (2/15)

Altars:


Innate Abilities, Weirdness & Mutations

You may rarely emit foul miasma when damaged in melee.
You are partially covered in razor-sharp scales. (AC +1, Slay +1)


Message History

The hobgoblin is almost dead.
You block the hobgoblin's attack.
You hit the hobgoblin.
You kill the hobgoblin!
You now have 86 gold pieces (gained 12).
i - 3 fuming puce potions (gained 2) 4 gnolls come into view.
The gnoll shouts! x3
The gnoll moves out of view.
There are monsters nearby!
The gnoll misses you.
The gnoll hits you from afar with a +0 spear.
The gnoll closely misses you.
You hit the gnoll.
The gnoll is moderately wounded.
You hit the gnoll.
The gnoll is lightly wounded.
The gnoll hits you but does no damage.
The gnoll hits you from afar with a +0 spear.
The gnoll misses you. You block the gnoll's attack.
The gnoll hits you from afar with a +0 spear.
You completely miss the gnoll.
The gnoll is lightly wounded.
The gnoll misses you. The gnoll hits you but does no damage.
The gnoll hits you from afar with a +0 spear.
You hit the gnoll.
The gnoll is moderately wounded.
The gnoll hits you with a +0 club.
The gnoll hits you from afar with a +0 spear.
The gnoll hits you but does no damage. The gnoll hits you with a +0 club.
The gnoll hits you from afar with a +0 spear.
* * * LOW HITPOINT WARNING * * *
The gnoll misses you.
You slash the gnoll!
The gnoll is almost dead.
The gnoll hits you with a +0 club.
* * * LOW HITPOINT WARNING * * *
You block the gnoll's attack.
The gnoll hits you from afar with a +0 spear.
You die...

### .. # #.# .# ###.# ## #.## #.#
.... .# #..####.# #..# .#
#.......#####g..# .#
#..........@gg.# .#
#.......#.###g#### .#
#.......#.#......#
.#####...........##...#
............#.....#...#
..)...................###########
..####......(...>......<........#
..# ##..#..#....................#
.####...#.##...(................#


You could see 4 gnolls.

Vanquished Creatures
  A gnoll (D:1)
  An adder (D:2)
  A worm (D:2)
  4 dart slugs (D:1)
  3 bats (D:2)
  3 endoplasms
  4 giant cockroaches (D:1)
  9 goblins
  3 hobgoblins
  4 jackals
  2 quokkas
  6 ball pythons
  6 frilled lizards
  2 kobolds
  2 rats (D:1)
51 creatures vanquished.

Notes
Turn   | Place    | Note
-------+----------+-------------------------------------------
     0 | D:1      | lonewolfV2 the Demonspawn Fighter began the quest for the
                  | Orb.
     0 | D:1      | Reached XP level 1. HP: 18/18 MP: 1/1
    43 | D:1      | Reached skill level 1 in Dodging
    43 | D:1      | Gained mutation: You may rarely emit foul miasma when
                  | damaged in melee. [demonic ancestry]
    43 | D:1      | Reached XP level 2. HP: 4/24 MP: 2/2
   546 | D:1      | Reached skill level 1 in Invocations
   546 | D:1      | Gained mutation: You are partially covered in razor-sharp
                  | scales. (AC +1, Slay +1) [demonic ancestry]
   546 | D:1      | Reached XP level 3. HP: 29/29 MP: 3/3
  1216 | D:2      | Reached XP level 4. HP: 35/35 MP: 5/5
  1481 | D:2      | Slain by a gnoll

Illustrated notes

Levels and vault maps discovered:
D:1:      ncdulo_watergridlock, layout_loops_ring, moated_statue,
          minmay_distorted
D:2:      layout_rooms

Skill      XL: |  1  2  3  4 |
---------------+-------------+-----
Dodging        | 1 2 |  2.5
Armour         | 3 |  3.3
Invocations    | 1 2 |  2.0
Fighting       | |  3.0
Axes           | |  1.7
Shields        | |  2.6

Action                     |  1- 3 |  4- 6 || total
---------------------------+-------+-------++-------
  Melee: War axe           |   112 |    22 ||   134
    Use: Scroll            |     4 |       ||     4
 Armour: Scale mail        |    59 |       ||    59
         Ring mail         |     1 |    15 ||    16
  Dodge: Dodged            |    64 |    21 ||    85
  Block: Buckler           |    23 |     8 ||    31
